 Dungeon Crawl Stone Soup version 0.25.0-9-g26727b657a (webtiles) character file.

Game seed: 6461054543389035420

782 Lanoc the Ducker (level 7, -10/60 HPs)
             Began as a Gnoll Monk on June 17, 2020.
             Was a Believer of Wu Jian.
             Killed by divine providence
             ... invoked by an orc priest
              (17 damage)
             ... on level 5 of the Dungeon.
             The game lasted 00:06:28 (3562 turns).

Lanoc the Ducker (Gnoll Monk)                       Turns: 3562, Time: 00:06:28

Health: -10/60     AC: 13    Str: 13    XL:     7   Next: 86%
Magic:  10/11      EV:  9    Int: 12    God:    Wu Jian [**....]
Gold:   157        SH:  0    Dex: 20    Spells: 11/11 levels left

rFire    + . .     SeeInvis .   b - +0 scimitar
rCold    . . .     Gourm    .   (no shield)
rNeg     . . .     Faith    .   j - +3 chain mail {rF+}
rPois    .         Spirit   .   p - +0 helmet
rElec    .         Reflect  .   (no cloak)
rCorr    +         Harm     .   (no gloves)
MR       .....                  (no boots)
Stlth    ..........             (no amulet)
HPRegen  0.20/turn              n - ring of resist corrosion
MPRegen  0.12/turn              (no ring)

@: brilliant, lethally poisoned (-10 -> -43)
A: distributed training, fangs 1, strong nose
a: Wall Jump, Renounce Religion


You were on level 5 of the Dungeon.
You worshipped Wu Jian.
Wu Jian was pleased with you.
You were hungry.

You visited 2 branches of the dungeon, and saw 6 of its levels.

You collected 157 gold pieces.

Inventory:

Hand Weapons
 b - a +0 scimitar (weapon)
Missiles
 d - 11 poisoned darts (quivered)
 k - 18 sling bullets
Armour
 i - a +0 plate armour
 j - a +3 chain mail of fire resistance (worn)
 p - a +0 helmet (worn)
Jewellery
 n - a ring of resist corrosion (left hand)
Wands
 m - a wand of disintegration (11)
 q - a wand of clouds (7)
 t - a wand of enslavement (9)
Scrolls
 e - 2 scrolls of teleportation
 g - a scroll of fog
 l - 3 scrolls of identify
Potions
 f - 3 potions of brilliance
 o - a potion of might
 r - a potion of lignification
Comestibles
 c - 8 rations
 h - 4 chunks of flesh


   Skills:
 + Level 7.1 Fighting
 + Level 2.7 Short Blades
 + Level 7.1 Long Blades
 + Level 2.7 Axes
 + Level 2.7 Maces & Flails
 + Level 2.7 Polearms
 + Level 2.7 Staves
 + Level 2.7 Slings
 + Level 2.7 Bows
 + Level 2.7 Crossbows
 + Level 2.7 Throwing
 + Level 2.7 Armour
 + Level 7.1 Dodging
 + Level 5.0 Stealth
 + Level 2.7 Shields
 + Level 2.7 Unarmed Combat
 + Level 2.7 Spellcasting
 + Level 2.2 Conjurations
 + Level 2.2 Hexes
 + Level 2.2 Charms
 + Level 2.2 Summonings
 + Level 2.2 Necromancy
 + Level 2.2 Translocations
 + Level 2.2 Transmutations
 + Level 2.2 Fire Magic
 + Level 2.2 Ice Magic
 + Level 2.2 Air Magic
 + Level 2.2 Earth Magic
 + Level 2.2 Poison Magic
 + Level 3.0 Invocations
 + Level 2.7 Evocations


You had 11 spell levels left.
You didn't know any spells.
Your spell library was empty.

Dungeon Overview and Level Annotations

Branches:
Dungeon (5/15)             Temple (1/1) D:5

Altars:
Cheibriados
Dithmenos
Elyvilon
Hepliaklqana
Makhleb
Qazlal
Sif Muna
Trog
Uskayaw
Vehumet
Wu Jian
Xom
Zin
The Shining One

Annotations:
D:3 Grinder


Innate Abilities, Weirdness & Mutations

Your experience applies equally to all skills.
You have very sharp teeth.
Your uncanny sense of smell can sniff out nearby items.


Message History

The orc closely misses you.
The orc priest calls down the wrath of Beogh upon you.
Beogh smites you!
* * * LOW HITPOINT WARNING * * *
An orc comes into view.
The jackal bites you.
* * * LOW HITPOINT WARNING * * *
The orc hits you but does no damage.
You are more poisoned.
It was a potion of brilliance.
You feel clever all of a sudden.
* * * LOW HITPOINT WARNING * * *
You feel very sick.
The orc shouts!
The jackal misses you. The jackal bites you.
* * * LOW HITPOINT WARNING * * *
The orc hits you but does no damage.
The orc priest mumbles some strange prayers to Beogh against you.
Beogh smites you!
You die...

#.........#
#######.........#
#.......#########
#.......# #.......#
#.......##
..####+#...........
...................
......h@............
......ooh...........
......>.###+###.....
##......# #+##
#......# #...o..#
#......# ∆ #.o....#


You could see an orc priest, 3 orcs and 2 jackals.

Vanquished Creatures
  Sigmund (D:3)
  An orc warrior (D:5)
  An ice beast (D:3)
  An ogre (D:4)
  A howler monkey (D:4)
  An orc priest (D:5)
  2 orc wizards (D:5)
  Ijyb (D:4)
  A worker ant (D:4)
  Robin (D:4)
  8 adders
  4 adder skeletons (D:4)
  A worm (D:4)
  2 leopard geckos
  10 orcs
  3 bats (D:3)
  16 goblins
  5 hobgoblins
  7 jackals
  4 kobolds
  2 quokkas
  A ball python (D:4)
  2 frilled lizards
  A jackal skeleton (D:5)
  A leopard gecko skeleton (D:4)
  3 rats
81 creatures vanquished.

Vanquished Creatures (others)
  An orc wizard (D:5)
  A jackal (D:5)
  A quokka (D:5)
  A ball python (D:5)
4 creatures vanquished.

Grand Total: 85 creatures vanquished

Notes
Turn   | Place    | Note
-------+----------+-------------------------------------------
     0 | D:1      | Lanoc the Gnoll Monk began the quest for the Orb.
     0 | D:1      | Reached XP level 1. HP: 23/23 MP: 1/1
   171 | D:2      | Reached XP level 2. HP: 12/29 MP: 2/2
   433 | D:3      | Reached XP level 3. HP: 35/35 MP: 3/3
   575 | D:3      | Reached skill level 1 in Invocations
   638 | D:3      | Reached skill level 1 in Short Blades
   638 | D:3      | Reached skill level 1 in Axes
   638 | D:3      | Reached skill level 1 in Maces & Flails
   638 | D:3      | Reached skill level 1 in Polearms
   638 | D:3      | Reached skill level 1 in Staves
   638 | D:3      | Reached skill level 1 in Slings
   638 | D:3      | Reached skill level 1 in Bows
   638 | D:3      | Reached skill level 1 in Crossbows
   638 | D:3      | Reached skill level 1 in Throwing
   638 | D:3      | Reached skill level 1 in Armour
   638 | D:3      | Reached skill level 1 in Shields
   638 | D:3      | Reached skill level 1 in Unarmed Combat
   638 | D:3      | Reached skill level 1 in Spellcasting
   638 | D:3      | Reached skill level 1 in Evocations
   819 | D:3      | Reached XP level 4. HP: 21/41 MP: 5/5
  1090 | D:3      | Noticed an ice beast
  1138 | D:3      | Killed an ice beast
  1138 | D:3      | Reached skill level 1 in Conjurations
  1138 | D:3      | Reached skill level 1 in Hexes
  1138 | D:3      | Reached skill level 1 in Charms
  1138 | D:3      | Reached skill level 1 in Summonings
  1138 | D:3      | Reached skill level 1 in Necromancy
  1138 | D:3      | Reached skill level 1 in Translocations
  1138 | D:3      | Reached skill level 1 in Transmutations
  1138 | D:3      | Reached skill level 1 in Fire Magic
  1138 | D:3      | Reached skill level 1 in Ice Magic
  1138 | D:3      | Reached skill level 1 in Air Magic
  1138 | D:3      | Reached skill level 1 in Earth Magic
  1138 | D:3      | Reached skill level 1 in Poison Magic
  1138 | D:3      | Reached XP level 5. HP: 16/47 MP: 5/7
  1430 | D:3      | Noticed Sigmund
  1457 | D:3      | Killed Sigmund
  1457 | D:3      | Reached XP level 6. HP: 22/53 MP: 8/8
  1841 | D:3      | Noticed Grinder
  2053 | D:4      | Reached XP level 7. HP: 18/59 MP: 10/10
  2414 | D:4      | Noticed Ijyb
  2432 | D:4      | Killed Ijyb
  2671 | D:4      | Noticed Robin
  2722 | D:4      | Killed Robin
  3383 | D:5      | Entered Level 5 of the Dungeon
  3401 | D:5      | Reached skill level 5 in Stealth
  3471 | D:5      | Found a staircase to the Ecumenical Temple.
  3480 | Temple   | Entered the Ecumenical Temple
  3501 | Temple   | Became a worshipper of the Wu Jian Council
  3501 | Temple   | Reached * piety under Wu Jian
  3501 | Temple   | Reached ** piety under Wu Jian
  3562 | D:5      | Killed from afar by an orc priest

Illustrated notes

Levels and vault maps discovered:
D:1:      minmay_arrival_up_and_down, layout_basic, minmay_pentomino_p4
D:2:      layout_basic, first_ration, minmay_cupped
D:3:      layout_basic, uniq_grinder, uniq_sigmund
D:4:      layout_basic, uniq_ijyb, uniq_robin
D:5:      minmay_clustersquares, layout_gridville,
          chequers_temple_overflow_minitemple, minmay_temple_entry_tees,
          chequers_ossuary_entry_cave, xom_confusion_cloud
Temple:   eino_temple_lava

Skill      XL: |  1  2  3  4  5  6  7 |
---------------+----------------------+-----
Invocations    | 1 2 3 |  3.0
Short Blades   | 1 2 |  2.7
Axes           | 1 2 |  2.7
Maces & Flails | 1 2 |  2.7
Polearms       | 1 2 |  2.7
Staves         | 1 2 |  2.7
Slings         | 1 2 |  2.7
Bows           | 1 2 |  2.7
Crossbows      | 1 2 |  2.7
Throwing       | 1 2 |  2.7
Armour         | 1 2 |  2.7
Shields        | 1 2 |  2.7
Unarmed Combat | 1 2 |  2.7
Spellcasting   | 1 2 |  2.7
Evocations     | 1 2 |  2.7
Conjurations   | 1 2 |  2.2
Hexes          | 1 2 |  2.2
Charms         | 1 2 |  2.2
Summonings     | 1 2 |  2.2
Necromancy     | 1 2 |  2.2
Translocations | 1 2 |  2.2
Transmutations | 1 2 |  2.2
Fire Magic     | 1 2 |  2.2
Ice Magic      | 1 2 |  2.2
Air Magic      | 1 2 |  2.2
Earth Magic    | 1 2 |  2.2
Poison Magic   | 1 2 |  2.2
Fighting       | 7 |  7.1
Long Blades    | 7 |  7.1
Dodging        | 7 |  7.1
Stealth        | 5 |  5.0

Action                   |  1- 3 |  4- 6 |  7- 9 || total
-------------------------+-------+-------+-------++-------
Melee: Falchion          |    78 |    77 |    93 ||   248
       Bite              |    10 |     7 |    19 ||    36
       Punch             |     1 |     1 |       ||     2
       Scimitar          |       |       |    13 ||    13
Throw: Dart              |       |    14 |     3 ||    17
Invok: Lunge             |       |       |     1 ||     1
  Use: Potion            |       |     1 |     1 ||     2
       Scroll            |       |       |     5 ||     5
 Stab: Sleeping          |     4 |     5 |     4 ||    13
  Eat: Chunk             |       |     3 |     5 ||     8
Armor: Robe              |    11 |     6 |    15 ||    32
       Skin              |       |    24 |       ||    24
       Chain mail        |       |       |    25 ||    25
Dodge: Dodged            |    77 |    32 |    86 ||   195
       Rpst.: Falchion   |    26 |     9 |    27 ||    62
       Scimitar          |       |       |     3 ||     3
